 Dungeon Crawl Stone Soup version 0.24-a0-355-gbe4061de67 (webtiles) character file.

Game seed: 14867932895595957632

2296 Raffles the Grappler (level 9, -2/79 HPs)
             Began as a Troll Earth Elementalist on May 24, 2019.
             Was a Follower of Hepliaklqana.
             Slain by Harold
             ... wielding a +0 war axe
              (12 damage)
             ... on level 7 of the Dungeon.
             The game lasted 00:13:15 (5278 turns).

Raffles the Grappler (Troll Earth Elementalist)     Turns: 5278, Time: 00:13:16

Health: -2/79      AC:  6    Str: 23    XL:     9   Next: 17%
Magic:  12/12      EV: 15    Int: 14    God:    Hepliaklqana [*.....]
Gold:   357        SH:  0    Dex: 15    Spells: 7/13 levels left

rFire    . . .     SeeInvis +     - Unarmed
rCold    . . .     Gourm    +   (no shield)
rNeg     . . .     Faith    .   c - +0 robe
rPois    .         Spirit   .   (helmet restricted)
rElec    .         Reflect  .   (no cloak)
rCorr    .         Harm     .   (gloves unavailable)
MR       .....                  (boots unavailable)
Stlth    +++.......             (no amulet)
HPRegen  0.63/turn              (no ring)
MPRegen  0.13/turn              (no ring)

@: mighty, agile, marked
A: large, unfitting armour, reduced essence, claws 3, see invisible, fast
metabolism 3, gourmand, regeneration 1, robust 1, shaggy fur 1, tough skin 3,
wild magic 1
a: Recall Ancestor, Ancestor Identity, Renounce Religion


You were on level 7 of the Dungeon.
You worshipped Hepliaklqana.
Hepliaklqana was aware of your devotion.
You were full.

You visited 2 branches of the dungeon, and saw 8 of its levels.

You collected 357 gold pieces.

Inventory:

Hand Weapons
 o - a +1 trident of protection
Missiles
 b - 293 stones
 e - 3 curare-tipped darts (quivered)
 q - 3 boomerangs
Armour
 c - a +0 robe (worn)
Wands
 v - a wand of flame (11)
 w - a wand of polymorph (8)
 y - a wand of enslavement (5)
Scrolls
 g - 2 scrolls of remove curse
 h - 2 scrolls of random uselessness {unknown}
 i - 3 scrolls of magic mapping {unknown}
 j - 2 scrolls of amnesia {unknown}
 k - 3 scrolls of teleportation {unknown}
 l - a scroll of fear {unknown}
 n - 3 scrolls of identify
 t - a scroll of enchant armour {unknown}
 u - a scroll of enchant weapon {unknown}
Potions
 a - a potion of heal wounds {unknown}
 f - 2 potions of agility
 p - a potion of ambrosia {unknown}
 r - a potion of magic {unknown}
 s - 4 potions of curing {unknown}
 x - a potion of flight {unknown}
 z - a potion of haste {unknown}
Comestibles
 d - 8 rations


   Skills:
 + Level 2.0 Fighting
 + Level 0.1 Throwing
 - Level 1.5 Dodging
 - Level 1.0 Stealth
 * Level 9.2 Unarmed Combat
 * Level 2.7 Spellcasting
 * Level 3.3 Transmutations
 * Level 4.9 Earth Magic


You had 7 spell levels left.
You knew the following spells:

 Your Spells              Type           Power        Failure   Level  Hunger
a - Sandblast             Erth           ###...       5%          1    #......
b - Passwall              Tmut/Erth      ###.....     10%         2    ###....
c - Stone Arrow           Conj/Erth      ##....       32%         3    ###....

Your spell library contained the following spells:

 Spells                   Type           Power        Failure   Level  Hunger
 Petrify                  Tmut/Erth      ###.....     47%         4    #####..
 Lee's Rapid Deconstruct  Erth           ###.......   71%         5    ######.


Dungeon Overview and Level Annotations

Branches:
Dungeon (7/15)             Temple (1/1) D:4

Altars:
Ashenzari
Cheibriados
Dithmenos
Elyvilon
Fedhas
Gozag
Hepliaklqana
Kikubaaqudgha
Makhleb
Nemelex Xobeh
Okawaru
Qazlal
Ru
Sif Muna
Trog
Uskayaw
Vehumet
Wu Jian
Xom
Yredelemnul
Zin

Annotations:
D:4 2 transporters
D:7 Harold


Innate Abilities, Weirdness & Mutations

You are too large for most types of armour.
You have claws for hands.
Your metabolism is lightning-fast.
You like to eat raw meat.
Your natural rate of healing is unusually fast.
You are covered in fur. (AC +1)
You have extremely tough skin. (AC +3)
Your life essence is reduced to manifest your ancestor. (-10% HP)
You have supernaturally acute eyesight. (SInv)
You are robust. (+10% HP)
Your spells are a little harder to cast, but a little more powerful.


Message History

Harold is moderately wounded.
Eideard hits Harold.
Harold hits you with a +0 war axe!
Harold hits Eideard with a +0 war axe.
You scratch Harold.
Harold is moderately wounded.
A wyvern zombie comes into view.
Eideard hits Harold but does no damage.
Harold hits you with a +0 war axe!
Harold barely misses Eideard.
You scratch Harold.
Harold is moderately wounded.
Eideard hits Harold.
You mangle Harold!!
Harold is severely wounded.
Harold hits you with a +0 war axe!!
* * * LOW HITPOINT WARNING * * *
Harold hits Eideard with a +0 war axe!
Eideard closely misses Harold.
You barely miss Harold. You claw Harold, but do no damage.
Harold is severely wounded.
The shadow imp closely misses you. Harold hits you with a +0 war axe!
You die...

....# .####.#. ....#
....... ....# ......#
....# #
.....#######....#
##.##.......#......#
..#...........#.##+###
......#R...#....#
?.....@@...<..###
......5.......#
........Z(###.#
.....#..#)# #...
..........# #....#
.....##.#.# ##.....
..#.# #<#.. ......
..## ###.. ...### #...
...#


You could see the friendly Eideard the ancestor, Harold, a shadow imp and a
wyvern zombie.

Vanquished Creatures
  Grinder (D:5)
  A sky beast (D:7)
  An ice beast (D:6)
  3 centaurs (D:6)
  2 ogres (D:6)
  4 bullfrogs (D:6)
  A scorpion (D:4)
  3 wights (D:6)
  2 howler monkeys
  2 crimson imps
  3 orc priests
  3 bullfrog skeletons
  2 hounds
  3 iguanas
  4 orc wizards
  6 worker ants
  A hound zombie (D:6)
  A gnoll (D:6)
  5 adders
  An ooze (D:3)
  An adder skeleton (D:4)
  5 leopard geckos
  18 orcs (D:3)
  4 bats
  6 giant cockroaches
  6 goblins
  8 hobgoblins
  4 jackals (D:3)
  4 quokkas
  A ball python skeleton (D:4)
  A frilled lizard (D:1)
  4 kobolds
  12 rats
123 creatures vanquished.

Vanquished Creatures (collateral kills)
  A bullfrog (D:6)
  A hound (D:6)
  A jelly (D:5)
  A bullfrog skeleton (D:5)
  An iguana (D:5)
  2 gnolls (D:6)
  An adder (D:4)
8 creatures vanquished.

Grand Total: 131 creatures vanquished

Notes
Turn   | Place    | Note
-------+----------+-------------------------------------------
     0 | D:1      | Raffles the Troll Earth Elementalist began the quest for
                  | the Orb.
     0 | D:1      | Reached XP level 1. HP: 16/16 MP: 1/1
   497 | D:1      | Reached XP level 2. HP: 24/24 MP: 3/3
   617 | D:2      | Learned a level 2 spell: Passwall
   988 | D:2      | Found an opulent altar of Gozag.
  1010 | D:2      | Reached skill level 1 in Unarmed Combat
  1129 | D:2      | Reached XP level 3. HP: 27/31 MP: 4/4
  1274 | D:3      | Reached skill level 2 in Unarmed Combat
  1274 | D:3      | Reached skill level 1 in Transmutations
  1279 | D:3      | Reached XP level 4. HP: 39/39 MP: 5/5
  1601 | D:3      | Reached skill level 3 in Unarmed Combat
  1752 | D:3      | Reached XP level 5. HP: 30/45 MP: 6/6
  1825 | D:3      | Found a basalt altar of Yredelemnul.
  1970 | D:3      | Reached skill level 4 in Unarmed Combat
  2265 | D:4      | Identified the +2 robe "Fuid" {rPois}
  2296 | D:4      | Reached XP level 6. HP: 49/53 MP: 7/7
  2422 | D:3      | Learned a level 3 spell: Stone Arrow
  2429 | D:4      | Reached skill level 5 in Unarmed Combat
  2497 | D:4      | Found a staircase to the Ecumenical Temple.
  2509 | D:4      | Found a transporter.
  2559 | Temple   | Entered the Ecumenical Temple
  2628 | Temple   | Became a worshipper of Hepliaklqana the Forgotten
  3007 | D:4      | Found a transporter.
  3043 | D:4      | Reached skill level 1 in Fighting
  3043 | D:4      | Reached XP level 7. HP: 46/55 MP: 8/8
  3176 | D:4      | Reached * piety under Hepliaklqana
  3465 | D:5      | Entered Level 5 of the Dungeon
  3509 | D:5      | Found a white marble altar of Elyvilon.
  3509 | D:5      | Found a faded altar of an unknown god.
  3515 | D:5      | Found a sparkling altar of Nemelex Xobeh.
  3520 | D:5      | Found a blossoming altar of Fedhas.
  3521 | D:5      | Found a bloodstained altar of Trog.
  3567 | D:5      | Noticed Grinder
  3586 | D:5      | Killed Grinder
  3586 | D:5      | Reached skill level 6 in Unarmed Combat
  4096 | D:6      | Gained mutation: You are robust. (+10% HP) [potion of
                  | mutation]
  4096 | D:6      | Gained mutation: You have supernaturally acute eyesight.
                  | (SInv) [potion of mutation]
  4096 | D:6      | Gained mutation: Your spells are a little harder to cast,
                  | but a little more powerful. [potion of mutation]
  4110 | D:6      | Reached skill level 7 in Unarmed Combat
  4110 | D:6      | Reached XP level 8. HP: 70/70 MP: 9/9
  4294 | D:6      | Reached skill level 8 in Unarmed Combat
  4702 | D:6      | Reached XP level 9. HP: 34/79 MP: 7/11
  5045 | D:6      | Found a deep blue altar of Sif Muna.
  5095 | D:6      | Reached skill level 9 in Unarmed Combat
  5261 | D:7      | Noticed Harold
  5278 | D:7      | Slain by Harold

Levels and vault maps discovered:
D:1:      lemuel_arrival_rhombus, layout_rooms, roderic_lattice_a
D:2:      layout_loops_ring, overflow_temple_1_default, first_ration,
          minmay_distorted
D:3:      layout_basic, nicolae_overflow_crystal_walls
D:4:      gammafunk_cloud_chamber, layout_cave_pods, minmay_temple_entry_tees
D:5:      layout_basic, chequers_temple_overflow_minitemple, uniq_grinder
D:6:      layout_basic, led_sif_pool, chequers_garden, due_unseen_surprise
D:7:      layout_basic, uniq_harold
Temple:   regret_index_temple_waves

Skill      XL: |  1  2  3  4  5  6  7  8  9 |
---------------+----------------------------+-----
Earth Magic    | 3 4 |  4.9
Unarmed Combat | 1 2 3 4 5 7 8 9 |  9.2
Transmutations | 1 2 3 |  3.3
Fighting       | 1 2 |  2.0
Spellcasting   | 2 |  2.7
Throwing       | |  0.1
Dodging        | |  1.5
Stealth        | |  1.0

Action                   |  1- 3 |  4- 6 |  7- 9 || total
-------------------------+-------+-------+-------++-------
Melee: Unarmed           |    66 |   226 |   157 ||   449
       Punch             |       |     2 |     5 ||     7
Throw: Dart              |       |     1 |       ||     1
 Cast: Sandblast         |       |     2 |    17 ||    19
       Passwall          |       |       |     2 ||     2
  Use: Scroll            |       |       |     4 ||     4
       Potion            |       |       |     3 ||     3
 Stab: Sleeping          |     3 |     1 |     1 ||     5
       Distracted        |       |       |     1 ||     1
  Eat: Chunk             |    17 |    17 |    18 ||    52
Armor: Robe              |    27 |    88 |    45 ||   160
Dodge: Dodged            |    26 |   110 |    71 ||   207

Table legend:
 A = Non-vault XP
 B = Vault XP
 C = Vault XP percentage of total XP
 D = Non-vault monster count
 E = Vault monster count
 F = Vault count percentage of total count
                 A         B        C        D         E       F
            +---------+---------+-------+---------+---------+-------
      Total |    3006 |     274 |   8.4 |     128 |       3 |   2.3
            +---------+---------+-------+---------+---------+-------
        D:1 |      12 |       0 |   0.0 |       7 |       0 |   0.0
        D:2 |      36 |       2 |   5.3 |      16 |       2 |  11.1
        D:3 |     328 |       0 |   0.0 |      49 |       0 |   0.0
        D:4 |     396 |       0 |   0.0 |      16 |       0 |   0.0
        D:5 |     342 |     272 |  44.3 |      10 |       1 |   9.1
        D:6 |    1720 |       0 |   0.0 |      28 |       0 |   0.0
        D:7 |     172 |       0 |   0.0 |       2 |       0 |   0.0
            +---------+---------+-------+---------+---------+-------
